 Dungeon Crawl Stone Soup version 0.22.1-6-g1668fe2 (webtiles) character file.

303 lorenzova the Magician (level 6, -1/32 HPs)
             Began as a Deep Elf Conjurer on Jan 20, 2019.
             Succumbed to Sigmund's poison
             ... on level 2 of the Dungeon.
             The game lasted 00:03:34 (1410 turns).

lorenzova the Magician (Deep Elf Conjurer)          Turns: 1410, Time: 00:03:35

Health: -1/32      AC:  2    Str:  5    XL:     6   Next: 15%
Magic:  6/17       EV: 13    Int: 22    God:
Gold:   47         SH:  0    Dex: 15    Spells: 11/18 levels left

rFire    . . .     SeeInvis .   g - +0 dagger
rCold    . . .     Gourm    .   (no shield)
rNeg     . . .     Faith    .   a - +0 robe
rPois    .         Spirit   .   (no helmet)
rElec    .         Reflect  .   (no cloak)
rCorr    .         Harm     .   (no gloves)
MR       .....                  (no boots)
Stlth    ++........             (no amulet)
HPRegen  0.10/turn              (no ring)
MPRegen  0.15/turn              (no ring)

@: lethally poisoned (-1 -> -37)
A: no striking features
a: no special abilities


You were on level 2 of the Dungeon.
You were not hungry.

You visited 1 branch of the dungeon, and saw 2 of its levels.

You collected 47 gold pieces.

Inventory:

Hand Weapons
 g - a +0 dagger (weapon)
Armour
 a - a +0 robe (worn)
Scrolls
 e - 2 scrolls of identify {unknown}
 f - a scroll of noise {unknown}
 h - 2 scrolls of teleportation {unknown}
 i - a scroll of fog {unknown}
Potions
 b - a potion of degeneration {unknown}
 d - a potion of haste {unknown}
Comestibles
 c - 3 rations


   Skills:
 - Level 2.4 Dodging
 - Level 2.4 Stealth
 + Level 6.5 Spellcasting
 + Level 6.5 Conjurations


You had 11 spell levels left.
You knew the following spells:

 Your Spells              Type           Power        Failure   Level  Hunger
a - Magic Dart            Conj           ####         1%          1    None
b - Searing Ray           Conj           #####.       1%          2    None
c - Iskenderun's Mystic   Conj           #####...     6%          4    ###....

Your spell library contained the following spells:

 Spells                   Type           Power        Failure   Level  Hunger
 Dazzling Spray           Conj/Hex       ###...       7%          3    #......
 Force Lance              Conj/Tloc      ###.....     22%         4    ###....
 Fulminant Prism          Conj/Hex       ###.......   22%         4    ###....


Dungeon Overview and Level Annotations

Branches:
Dungeon (2/15)

Altars:
The Shining One


Message History

Aiming: Searing Ray (safe; 1% risk of failure)
Press: ? - help, Shift-Dir - straight line (Press . to maintain the ray.)
You feel sick. Something hits you!
* * * LOW HITPOINT WARNING * * *
You are lethally poisoned!
* * * LOW HITPOINT WARNING * * *
You feel sick. Something hits you.
* * * LOW HITPOINT WARNING * * *
You are more poisoned.
The searing ray hits something.
Reactivating autopickup.
Your Spellcasting skill increases to level 6!
Your Conjurations skill increases to level 6!
You have reached level 6!
Your experience leads to an increase in your attributes!
Increase (S)trength, (I)ntelligence, or (D)exterity?
You feel clever.
You feel a bit more experienced.
You die...

###.###.†.)......
#.......#.#...##
...#...........#
#####.#.#..##
########...#(#
#.........##.#
#.##########.#
#.#########
#..@)......
###########


There were no monsters in sight!

Vanquished Creatures
  Sigmund (D:2)
  An ogre (D:2)
  An adder (D:2)
  4 worms (D:2)
  A dart slug (D:1)
  A leopard gecko (D:1)
  2 bats
  2 giant cockroaches (D:2)
  5 hobgoblins
  3 jackals (D:2)
  6 goblins
  6 kobolds
  5 rats
38 creatures vanquished.

Notes
Turn   | Place    | Note
-------+----------+-------------------------------------------
     0 | D:1      | lorenzova the Deep Elf Conjurer began the quest for the
                  | Orb.
     0 | D:1      | Reached XP level 1. HP: 10/10 MP: 6/6
   228 | D:1      | Reached XP level 2. HP: 15/15 MP: 3/8
   232 | D:1      | Learned a level 2 spell: Searing Ray
   822 | D:2      | Found a faded altar of an unknown god.
   845 | D:2      | Noticed an ogre
   857 | D:2      | Killed an ogre
   857 | D:2      | Reached skill level 5 in Spellcasting
   857 | D:2      | Reached skill level 5 in Conjurations
   857 | D:2      | Reached XP level 3. HP: 19/19 MP: 1/11
   857 | D:2      | Reached XP level 4. HP: 24/24 MP: 1/13
   958 | D:2      | Learned a level 4 spell: Iskenderun's Mystic Blast
   967 | D:2      | Found a glowing golden altar of the Shining One.
  1244 | D:2      | Reached XP level 5. HP: 23/28 MP: 4/14
  1401 | D:2      | Noticed Sigmund
  1409 | D:2      | HP: 1/28 [something (4)]
  1410 | D:2      | Killed Sigmund
  1410 | D:2      | Reached XP level 6. HP: 1/32 MP: 7/17
  1410 | D:2      | Succumbed to Sigmund's poison

Skill      XL: |  1  2  3  4  5 |
---------------+----------------+-----
Spellcasting   | 5 6 |  6.5
Conjurations   | 5 6 |  6.5
Dodging        | |  2.4
Stealth        | |  2.4

Action                   |  1- 3 |  4- 6 || total
-------------------------+-------+-------++-------
Melee: Dagger            |    17 |       ||    17
 Cast: Magic Dart        |    34 |    28 ||    62
       Searing Ray       |     1 |     6 ||     7
  Eat: Chunk             |       |     1 ||     1
Armor: Robe              |     5 |       ||     5
Dodge: Dodged            |    12 |     5 ||    17
